[Event "10th Sharjah Cup Women 2020"]
[Site "Sharjah"]
[Date "2020.01.04"]
[Round "1.1"]
[White "Fatima, Saif Al-Ali"]
[Black "Bulmaga, Irina"]
[Result "0-1"]
[ECO "B93"]
[WhiteElo "1339"]
[BlackElo "2446"]
[Annotator "ChessBase"]
[PlyCount "120"]
[EventDate "2020.01.04"]
[EventType "swiss"]
[EventCountry "UAE"]
[SourceTitle "playchess.com"]
[Source "ChessBase"]
[SourceQuality "1"]
[TimeControl "5400+30"]

1. e4 c5 2. Nf3 d6 3. d4 cxd4 4. Nxd4 Nf6 5. Nc3 a6 6. f4 e5 7. Nf3 Nc6 8. Bc4 Be7 9. O-O O-O 10. a3 exf4 11. Bxf4 Ng4 12. Nd5 Nge5 13. Be2 Be6 14. Qd2 Nxf3+ 15. Bxf3 Ne5 16. Nxe7+ Qxe7 17. Rad1 Rfd8 18. Qb4 Qc7 19. Rd2 Nc4 20. Rd4 a5 21. Qc3 Qb6 22. Kh1 Rac8 23. b3 Nxa3 24. Qd3 Nxc2 25. Rxd6 Rxd6 26. Qxd6 Qxd6 27. Bxd6 Bxb3 28. Rb1 a4 29. Bd1 Rc6 30. Bxc2 Rxd6 31. Bxb3 axb3 32. Kg1 Rd3 33. Kf1 Kf8 34. Ke2 Rc3 35. Rb2 Rc2+ 36. Rxc2 bxc2 37. Kd2 Ke7 38. Kxc2 Kd6 39. Kd3 Ke5 40. Ke3 b5 41. Kd3 h5 42. h3 b4 43. Kc4 Kxe4 44. Kxb4 Kf4 45. Kc4 Kg3 46. Kd4 Kxg2 47. Ke5 Kxh3 48. Kf5 h4 49. Kf4 Kg2 50. Kg4 h3 51. Kf4 h2 52. Ke5 h1=Q 53. Kd6 f5 54. Kc7 f4 55. Kb6 Qc1 56. Ka5 Qb2 57. Ka4 f3 58. Ka5 f2 59. Ka6 f1=Q+ 60. Ka5 Qfb5# 0-1

[Event "10th Sharjah Cup Women 2020"]
[Site "Sharjah"]
[Date "2020.01.04"]
[Round "1.4"]
[White "Assaubayeva, Bibisara"]
[Black "Khalil, Reem"]
[Result "1-0"]
[ECO "A41"]
[WhiteElo "2375"]
[BlackElo "1295"]
[Annotator "ChessBase"]
[PlyCount "75"]
[EventDate "2020.01.04"]
[EventType "swiss"]
[EventCountry "UAE"]
[SourceTitle "playchess.com"]
[Source "ChessBase"]
[SourceQuality "1"]
[TimeControl "5400+30"]

1. d4 d6 2. e4 Nf6 3. Bd3 e5 4. Nf3 Nbd7 5. c3 Be7 6. O-O O-O 7. Bg5 h6 8. Bh4 Nh7 9. Bg3 Ng5 10. Nbd2 Nxf3+ 11. Nxf3 Bf6 12. Re1 Re8 13. Qc2 Nf8 14. h3 Nh7 15. Rad1 Ng5 16. dxe5 Nxf3+ 17. gxf3 Bxe5 18. f4 Bf6 19. e5 Bh4 20. Bf1 Bxg3 21. fxg3 g6 22. Qf2 d5 23. c4 c6 24. Bg2 Qa5 25. cxd5 cxd5 26. a3 Be6 27. g4 Rad8 28. Rd4 Rf8 29. b4 Qb5 30. f5 Bc8 31. Red1 Rde8 32. Rxd5 Qa4 33. R1d3 b6 34. Rd6 Rxe5 35. Bc6 Qa6 36. fxg6 Be6 37. Qf6 Re2 38. g7 1-0

[Event "10th Sharjah Cup Women 2020"]
[Site "Sharjah"]
[Date "2020.01.04"]
[Round "1.5"]
[White "Al Ghafri, Alanoud"]
[Black "Gong, Qianyun"]
[Result "0-1"]
[ECO "E15"]
[WhiteElo "1257"]
[BlackElo "2371"]
[Annotator "ChessBase"]
[PlyCount "88"]
[EventDate "2020.01.04"]
[EventType "swiss"]
[EventCountry "UAE"]
[SourceTitle "playchess.com"]
[Source "ChessBase"]
[SourceQuality "1"]
[TimeControl "5400+30"]

1. d4 Nf6 2. c4 e6 3. Nf3 b6 4. g3 Bb7 5. Bg2 g6 6. O-O Bg7 7. Nc3 Ne4 8. e3 Nxc3 9. bxc3 d6 10. Qc2 O-O 11. e4 Nc6 12. d5 Na5 13. Nd2 Ba6 14. Re1 Nxc4 15. Nxc4 Bxc4 16. Bd2 Qd7 17. Rab1 a5 18. Bf1 exd5 19. Bxc4 dxc4 20. Qb2 Rae8 21. Qb5 Qxb5 22. Rxb5 f5 23. exf5 Rxe1+ 24. Bxe1 Rxf5 25. Rxf5 gxf5 26. Kg2 b5 27. Kf3 Kf7 28. Ke2 c5 29. Kd1 b4 30. Kc2 Ke6 31. f3 d5 32. Kb2 d4 33. Kc2 d3+ 34. Kb2 bxc3+ 35. Bxc3 d2 36. Kc2 Bxc3 37. h3 Kd5 38. g4 fxg4 39. fxg4 Kd4 40. h4 Ke3 41. Kd1 Kd3 42. g5 Bd4 43. h5 c3 44. a3 c2# 0-1

[Event "10th Sharjah Cup Women 2020"]
[Site "Sharjah"]
[Date "2020.01.04"]
[Round "1.8"]
[White "Radeva, Viktoria"]
[Black "Tower, Nora"]
[Result "1-0"]
[ECO "B06"]
[WhiteElo "2338"]
[BlackElo "1203"]
[Annotator "ChessBase"]
[PlyCount "69"]
[EventDate "2020.01.04"]
[EventType "swiss"]
[EventCountry "UAE"]
[SourceTitle "playchess.com"]
[Source "ChessBase"]
[SourceQuality "1"]
[TimeControl "5400+30"]

1. e4 g6 2. d4 Bg7 3. Nc3 d6 4. g3 Nf6 5. Bg2 O-O 6. Nge2 Re8 7. O-O Nbd7 8. h3 e5 9. d5 b6 10. g4 a5 11. Ng3 Nc5 12. Be3 Bb7 13. Qd2 c6 14. g5 Nfd7 15. dxc6 Bxc6 16. Qxd6 Bb7 17. Rfd1 Re7 18. h4 Rc8 19. Bh3 Rc6 20. Qd2 Qc7 21. Nd5 Qd6 22. Nxe7+ Qxe7 23. Bxd7 Rc7 24. Bh3 Nxe4 25. Qd8+ Qxd8 26. Rxd8+ Bf8 27. Nxe4 Bxe4 28. c3 Kg7 29. Rad1 Bc6 30. Rb8 b5 31. Rdd8 f6 32. Rxf8 fxg5 33. Rg8+ Kf7 34. Rbf8+ Ke7 35. Bc5# 1-0

[Event "10th Sharjah Cup Women 2020"]
[Site "Sharjah"]
[Date "2020.01.04"]
[Round "1.13"]
[White "Mission, Cheryll Rosales"]
[Black "Abdulla, Khayala"]
[Result "0-1"]
[ECO "A46"]
[WhiteElo "1135"]
[BlackElo "2275"]
[Annotator "ChessBase"]
[PlyCount "50"]
[EventDate "2020.01.04"]
[EventType "swiss"]
[EventCountry "UAE"]
[SourceTitle "playchess.com"]
[Source "ChessBase"]
[SourceQuality "1"]
[TimeControl "5400+30"]

1. d4 Nf6 2. Nf3 e6 3. a3 d5 4. Bg5 c5 5. c4 cxd4 6. Nxd4 Be7 7. e3 dxc4 8. Bxc4 Qa5+ 9. Nc3 Qxg5 10. O-O O-O 11. Nf3 Qc5 12. Ba2 Nc6 13. Rc1 Qh5 14. Ne2 Ne5 15. Ng3 Nxf3+ 16. gxf3 Qh3 17. Kh1 Rd8 18. Qb3 h5 19. Bb1 h4 20. Rg1 Bd6 21. f4 b6 22. f3 Bb7 23. Rcf1 hxg3 24. Rxg3 Qxf1+ 25. Rg1 Bxf3# 0-1

[Event "10th Sharjah Cup Women 2020"]
[Site "Sharjah"]
[Date "2020.01.04"]
[Round "1.14"]
[White "Kubicka, Anna"]
[Black "Alghala Ali, Alali"]
[Result "1/2-1/2"]
[ECO "B01"]
[WhiteElo "2258"]
[BlackElo "1125"]
[Annotator "ChessBase"]
[PlyCount "83"]
[EventDate "2020.01.04"]
[EventType "swiss"]
[EventCountry "UAE"]
[SourceTitle "playchess.com"]
[Source "ChessBase"]
[SourceQuality "1"]
[TimeControl "5400+30"]

1. e4 d5 2. exd5 Nf6 3. Bb5+ Bd7 4. Bc4 Bg4 5. f3 Bc8 6. Nc3 c6 7. dxc6 Nxc6 8. Nge2 Ne5 9. Bb3 g6 10. d4 Nc6 11. O-O Bg7 12. Be3 e6 13. Qd2 O-O 14. Rad1 Nd5 15. Nxd5 exd5 16. Nf4 Be6 17. c3 b5 18. Nd3 a6 19. Nc5 Re8 20. Rfe1 Bf6 21. Bf4 Ra7 22. Re2 a5 23. Nxe6 Rxe6 24. Rxe6 fxe6 25. Qe2 Re7 26. Qxb5 Qd7 27. Ba4 e5 28. Bg3 Re6 29. dxe5 Bd8 30. Rxd5 Qc8 31. Rd6 Ne7 32. Bb3 Qa8 33. Bxe6+ Kg7 34. Bb3 Qa7+ 35. Bf2 Qc7 36. Rd7 Qc8 37. Qd5 Kh6 38. Be3+ g5 39. Bxg5+ Kxg5 40. Qd2+ Kf5 41. g4+ Kxe5 42. Qd4# 1/2-1/2

[Event "10th Sharjah Cup Women 2020"]
[Site "Sharjah"]
[Date "2020.01.04"]
[Round "1.15"]
[White "alyazia Humaid alhasani"]
[Black "Nguyen, Thi Mai Hung"]
[Result "0-1"]
[ECO "C02"]
[WhiteElo "1119"]
[BlackElo "2254"]
[Annotator "ChessBase"]
[PlyCount "50"]
[EventDate "2020.01.04"]
[EventType "swiss"]
[EventCountry "UAE"]
[SourceTitle "playchess.com"]
[Source "ChessBase"]
[SourceQuality "1"]
[TimeControl "5400+30"]

1. e4 e6 2. d4 d5 3. e5 c5 4. c3 Qb6 5. Nf3 Nc6 6. b3 cxd4 7. cxd4 Bb4+ 8. Bd2 Nxd4 9. Bxb4 Qxb4+ 10. Nbd2 Bd7 11. Be2 Ne7 12. O-O Nxe2+ 13. Qxe2 Bb5 14. Qd1 Bxf1 15. Nxf1 O-O 16. Ng3 Ng6 17. Qd3 Rac8 18. Ne2 Rfd8 19. h4 Qe4 20. Qxe4 dxe4 21. Ng5 Rc2 22. Ng3 e3 23. fxe3 Nxh4 24. Rf1 Rxg2+ 25. Kh1 Rxg3 0-1

[Event "10th Sharjah Cup Women 2020"]
[Site "Sharjah"]
[Date "2020.01.04"]
[Round "1.16"]
[White "Smirnova, Ekaterina"]
[Black "Isra shams Eldien"]
[Result "1-0"]
[ECO "D25"]
[WhiteElo "2249"]
[BlackElo "1108"]
[Annotator "ChessBase"]
[PlyCount "47"]
[EventDate "2020.01.04"]
[EventType "swiss"]
[EventCountry "UAE"]
[SourceTitle "playchess.com"]
[Source "ChessBase"]
[SourceQuality "1"]
[TimeControl "5400+30"]

1. d4 d5 2. c4 dxc4 3. e3 Be6 4. Nf3 Nf6 5. Nc3 g6 6. Ng5 Qd7 7. Nxe6 Qxe6 8. d5 Qa6 9. Qd4 b5 10. Be2 Bg7 11. O-O O-O 12. e4 Nxe4 13. Qxe4 c6 14. Be3 cxd5 15. Nxd5 Nc6 16. Nc7 Qa5 17. Nxa8 Rxa8 18. Qxc6 Qd8 19. Rad1 Qf8 20. Qxb5 Rb8 21. Qxc4 Rxb2 22. Qc7 Rxa2 23. Bc4 Rc2 24. Rd8 1-0

[Event "10th Sharjah Cup Women 2020"]
[Site "Sharjah"]
[Date "2020.01.04"]
[Round "1.17"]
[White "Kaushal, Khushi"]
[Black "Bykova, Anastasia"]
[Result "0-1"]
[ECO "B12"]
[WhiteElo "1105"]
[BlackElo "2247"]
[Annotator "ChessBase"]
[PlyCount "44"]
[EventDate "2020.01.04"]
[EventType "swiss"]
[EventCountry "UAE"]
[SourceTitle "playchess.com"]
[Source "ChessBase"]
[SourceQuality "1"]
[TimeControl "5400+30"]

1. e4 c6 2. d4 d5 3. e5 c5 4. dxc5 Nc6 5. Bb5 e6 6. Be3 Qc7 7. Nf3 Nge7 8. c4 Bd7 9. O-O dxc4 10. Bxc4 Nf5 11. Re1 Nxe3 12. Rxe3 Bxc5 13. Re2 O-O-O 14. a3 Kb8 15. b4 Bb6 16. Nbd2 Nd4 17. Nxd4 Bxd4 18. Rc1 Bb2 19. Rc2 Ba4 20. Qb1 Bxc2 21. Qxb2 Bd3 22. Bxd3 Rxd3 0-1

[Event "10th Sharjah Cup Women 2020"]
[Site "Sharjah"]
[Date "2020.01.04"]
[Round "1.18"]
[White "Gevorgyan, Irina"]
[Black "Mouza Nasser AlShamsi"]
[Result "1-0"]
[ECO "A55"]
[WhiteElo "2216"]
[BlackElo "1079"]
[Annotator "ChessBase"]
[PlyCount "85"]
[EventDate "2020.01.04"]
[EventType "swiss"]
[EventCountry "UAE"]
[SourceTitle "playchess.com"]
[Source "ChessBase"]
[SourceQuality "1"]
[TimeControl "5400+30"]

1. Nf3 d6 2. d4 Nf6 3. c4 Nbd7 4. Nc3 e5 5. e4 Be7 6. Be2 c6 7. O-O O-O 8. Re1 Qc7 9. Bf1 Re8 10. h3 a6 11. a3 b5 12. d5 bxc4 13. Bxc4 h6 14. dxc6 Qxc6 15. Qb3 Rf8 16. Be3 Rb8 17. Qa2 Bb7 18. Nd5 Nxd5 19. exd5 Qc7 20. Rac1 Qd8 21. b4 Re8 22. Bb3 Rc8 23. Ba4 Rxc1 24. Rxc1 Bf8 25. Bc6 Bxc6 26. dxc6 Nf6 27. Qe2 Qc8 28. a4 d5 29. b5 axb5 30. axb5 d4 31. Bd2 Bd6 32. b6 Qb8 33. Qa6 Nd5 34. Ba5 Qa8 35. Qxa8 Rxa8 36. c7 Rc8 37. b7 Re8 38. c8=Q Rxc8 39. bxc8=Q+ Kh7 40. Qf5+ g6 41. Qxf7+ Kh8 42. Rc8+ Bf8 43. Rxf8# 1-0

[Event "10th Sharjah Cup Women 2020"]
[Site "Sharjah"]
[Date "2020.01.04"]
[Round "1.19"]
[White "khezrian, Neda"]
[Black "Suleimanova, Ava"]
[Result "0-1"]
[ECO "C42"]
[WhiteElo "1075"]
[BlackElo "2213"]
[Annotator "ChessBase"]
[PlyCount "106"]
[EventDate "2020.01.04"]
[EventType "swiss"]
[EventCountry "UAE"]
[SourceTitle "playchess.com"]
[Source "ChessBase"]
[SourceQuality "1"]
[TimeControl "5400+30"]

1. e4 Nf6 2. Nc3 e5 3. Nf3 Bb4 4. d3 d5 5. Bd2 d4 6. Nb1 Qe7 7. Be2 O-O 8. O-O Bxd2 9. Nbxd2 Nc6 10. c3 dxc3 11. bxc3 Rd8 12. Rb1 b6 13. Qc2 a5 14. Rfd1 Ba6 15. Nf1 Nh5 16. Ne3 Nf4 17. Ng4 Rd6 18. c4 Rg6 19. h3 h5 20. Ne3 Nd4 21. Nxd4 exd4 22. Nd5 Rxg2+ 23. Kf1 Qg5 24. Ke1 Rg1+ 25. Bf1 Qg2 26. Kd2 Qxf2+ 27. Kc1 Rxf1 28. Qxf2 Rxf2 29. Nxf4 Rxf4 30. Rb2 Bc8 31. Rh2 Rf3 32. Kc2 Rxh3 33. Rf2 Be6 34. Rg1 a4 35. Rg5 Ra5 36. Rgg2 b5 37. c5 b4 38. Kb1 Rxd3 39. Rd2 Rxd2 40. Rxd2 h4 41. Rxd4 h3 42. Rd2 b3 43. a3 Rxc5 44. Rh2 Rg5 45. Rd2 Rg1+ 46. Kb2 Rg2 47. Rxg2 hxg2 48. e5 g1=Q 49. Kc3 Qc1+ 50. Kb4 b2 51. Kxa4 b1=Q 52. Ka5 Qb6+ 53. Ka4 Qc4# 0-1

[Event "10th Sharjah Cup Women 2020"]
[Site "Sharjah"]
[Date "2020.01.04"]
[Round "1.20"]
[White "Kiolbasa, Oliwia"]
[Black "Al-Hammadi, Manal Hussein"]
[Result "1-0"]
[ECO "D30"]
[WhiteElo "2196"]
[BlackElo "1071"]
[Annotator "ChessBase"]
[PlyCount "119"]
[EventDate "2020.01.04"]
[EventType "swiss"]
[EventCountry "UAE"]
[SourceTitle "playchess.com"]
[Source "ChessBase"]
[SourceQuality "1"]
[TimeControl "5400+30"]

1. d4 d5 2. c4 e6 3. Nf3 Nc6 4. g3 g6 5. Bg2 Bg7 6. O-O Nf6 7. Nc3 Ne7 8. Ne5 O-O 9. c5 c6 10. b4 a6 11. a4 Bd7 12. Bb2 b6 13. cxb6 Qxb6 14. a5 Qc7 15. Na4 Bc8 16. Nb6 Rb8 17. Qc2 Nd7 18. Nexd7 Bxd7 19. Rfc1 Nc8 20. Nxd7 Qxd7 21. Qxc6 Qxc6 22. Rxc6 Ne7 23. Rb6 Rxb6 24. axb6 Rb8 25. Rxa6 Nc8 26. b7 Rxb7 27. Ra8 Rc7 28. e4 dxe4 29. Bxe4 h5 30. b5 Kh7 31. Bc6 Nd6 32. Ra4 Rc8 33. Ba3 Bf8 34. Ra7 Kg7 35. d5 exd5 36. Bxd5 Kh6 37. b6 Rb8 38. b7 Nxb7 39. Bxf8+ Rxf8 40. Rxb7 g5 41. Rxf7 Rxf7 42. Bxf7 h4 43. gxh4 gxh4 44. Kg2 Kg5 45. Kh3 Kf6 46. Bd5 Kg5 47. Bc6 Kh5 48. f4 Kg6 49. Kxh4 Kf6 50. Kg4 Kf7 51. Kf5 Kf8 52. Kf6 Kg8 53. Ke7 Kg7 54. f5 Kg8 55. f6 Kh7 56. f7 Kg6 57. f8=Q Kg5 58. Qf6+ Kg4 59. Bf3+ Kh3 60. Qh6# 1-0

[Event "10th Sharjah Cup Women 2020"]
[Site "Sharjah"]
[Date "2020.01.04"]
[Round "1.21"]
[White "Alsabbagh Eman"]
[Black "Drljevic, Ljilja"]
[Result "0-1"]
[ECO "B08"]
[WhiteElo "1053"]
[BlackElo "2193"]
[Annotator "NA"]
[PlyCount "94"]
[EventDate "2020.01.04"]
[EventType "swiss"]
[EventCountry "UAE"]
[SourceTitle "playchess.com"]
[Source "ChessBase"]
[SourceQuality "1"]
[TimeControl "5400+30"]

1. e4 g6 2. d4 Bg7 3. Nf3 d6 4. Nc3 Nf6 5. Bd3 Nc6 6. h3 O-O 7. Be3 e5 8. dxe5 dxe5 9. Qd2 Re8 10. a3 Nd4 11. Bh6 Nh5 12. O-O-O c5 13. Bxg7 Kxg7 14. Ne2 Qc7 15. Bc4 Be6 16. Bxe6 Rxe6 17. Ng5 Rf6 18. Rhf1 h6 19. Nf3 Nxf3 20. gxf3 Rxf3 21. Ng1 Rf6 22. Ne2 b5 23. Nc3 Rf3 24. Nxb5 Qb6 25. Qd5 Re8 26. Nd6 Re6 27. Nc4 Qc7 28. Qd7 Qxd7 29. Rxd7 Nf6 30. Rxa7 Nxe4 31. Re1 Rf4 32. f3 Ng5 33. Nxe5 c4 34. Kd2 Rxf3 35. Nxc4 Rf2+ 36. Kd1 Rxe1+ 37. Kxe1 Rxc2 38. b3 Nxh3 39. Ne5 Ng5 40. b4 h5 41. a4 Kf6 42. Nd7+ Kf5 43. b5 h4 44. Kf1 h3 45. Kg1 Nf3+ 46. Kf1 h2 47. b6 h1=R# 0-1

[Event "10th Sharjah Cup Women 2020"]
[Site "Sharjah"]
[Date "2020.01.04"]
[Round "1.22"]
[White "Pujari, Rucha"]
[Black "Mira, Husain Al Hammadi"]
[Result "1-0"]
[ECO "D10"]
[WhiteElo "2187"]
[BlackElo "1048"]
[Annotator "ChessBase"]
[PlyCount "59"]
[EventDate "2020.01.04"]
[EventType "swiss"]
[EventCountry "UAE"]
[SourceTitle "playchess.com"]
[Source "ChessBase"]
[SourceQuality "1"]
[TimeControl "5400+30"]

1. d4 d5 2. c4 c6 3. cxd5 cxd5 4. Nc3 Nf6 5. Bf4 a6 6. e3 Bf5 7. Qb3 b5 8. a4 Qa5 9. Rc1 Bd7 10. axb5 axb5 11. Bxb5 e6 12. Nge2 Bxb5 13. Qxb5+ Qxb5 14. Nxb5 Na6 15. O-O Be7 16. Nc7+ Nxc7 17. Rxc7 Bd8 18. Rb7 O-O 19. f3 Ba5 20. b4 Bd8 21. Rb1 Re8 22. Bd6 Ra6 23. Bc5 e5 24. dxe5 Rxe5 25. Nf4 h6 26. b5 Ra2 27. b6 Kh7 28. Rxf7 Rg5 29. b7 Nh5 30. b8=Q 1-0

[Event "10th Sharjah Cup Women 2020"]
[Site "Sharjah"]
[Date "2020.01.04"]
[Round "1.23"]
[White "Mera Abdulaziz Aidarous"]
[Black "Babayan, Armine"]
[Result "0-1"]
[ECO "C02"]
[WhiteElo "1042"]
[BlackElo "2186"]
[Annotator "ChessBase"]
[PlyCount "54"]
[EventDate "2020.01.04"]
[EventType "swiss"]
[EventCountry "UAE"]
[SourceTitle "playchess.com"]
[Source "ChessBase"]
[SourceQuality "1"]
[TimeControl "5400+30"]

1. e4 c5 2. Nf3 Nc6 3. c3 e6 4. d4 d5 5. e5 Nge7 6. Be2 Ng6 7. Be3 c4 8. Nbd2 Rb8 9. O-O Be7 10. Re1 O-O 11. Bf1 b5 12. Rb1 b4 13. g3 Bd7 14. Bg2 Qa5 15. Qc1 bxc3 16. Qxc3 Qxa2 17. Nf1 Bb4 18. Qc2 Bxe1 19. Nxe1 Rb6 20. Nd2 Rfb8 21. b3 Qxc2 22. Nxc2 c3 23. Nf3 Rxb3 24. Rc1 Rb1 25. Rxb1 Rxb1+ 26. Bf1 Nb4 27. Nxb4 Bb5 0-1

[Event "10th Sharjah Cup Women 2020"]
[Site "Sharjah"]
[Date "2020.01.05"]
[Round "2.2"]
[White "Dhyana Patel"]
[Black "Socko, Monika"]
[Result "1/2-1/2"]
[ECO "C68"]
[WhiteElo "1969"]
[BlackElo "2413"]
[Annotator "ChessBase"]
[PlyCount "82"]
[EventDate "2020.01.04"]
[EventType "swiss"]
[EventCountry "UAE"]
[SourceTitle "playchess.com"]
[Source "ChessBase"]
[SourceQuality "1"]
[TimeControl "5400+30"]

1. e4 e5 2. Nf3 Nc6 3. Bb5 a6 4. Bxc6 dxc6 5. O-O Bd6 6. d4 exd4 7. Qxd4 f6 8. b3 Be6 9. Bb2 Qe7 10. e5 Bc5 11. Qh4 O-O-O 12. Nbd2 f5 13. Qxe7 Nxe7 14. Rad1 h6 15. Nb1 Rxd1 16. Rxd1 Rd8 17. Rxd8+ Kxd8 18. Bd4 Bxd4 19. Nxd4 Kd7 20. Nc3 c5 21. Nxe6 Kxe6 22. f4 Nc6 23. Ne2 Nb4 24. c3 Nxa2 25. Kf2 b5 26. Ke3 c4 27. b4 Kd5 28. Kd2 c5 29. bxc5 b4 30. c6 Kxc6 31. cxb4 Nxb4 32. Nd4+ Kd5 33. Nxf5 g5 34. Ne3+ Ke6 35. fxg5 hxg5 36. Nxc4 Nc6 37. Kc3 Nxe5 38. Ne3 Ng6 39. g3 Ke5 40. h4 gxh4 41. gxh4 Nxh4 1/2-1/2

[Event "10th Sharjah Cup Women 2020"]
[Site "Sharjah"]
[Date "2020.01.05"]
[Round "2.4"]
[White "Shanya Mishra"]
[Black "Assaubayeva, Bibisara"]
[Result "0-1"]
[ECO "D85"]
[WhiteElo "1907"]
[BlackElo "2375"]
[Annotator "ChessBase"]
[PlyCount "64"]
[EventDate "2020.01.04"]
[EventType "swiss"]
[EventCountry "UAE"]
[SourceTitle "playchess.com"]
[Source "ChessBase"]
[SourceQuality "1"]
[TimeControl "5400+30"]

1. d4 Nf6 2. c4 g6 3. Nc3 d5 4. cxd5 Nxd5 5. Nf3 Bg7 6. g3 c5 7. Qb3 Nxc3 8. bxc3 cxd4 9. cxd4 Nc6 10. Bb2 Be6 11. Qa4 Bd5 12. Bg2 b5 13. Qc2 Rc8 14. Rc1 O-O 15. Qd2 Bxa2 16. O-O Bd5 17. e3 Qb6 18. Rc5 Rfd8 19. Rfc1 Bc4 20. Qe1 Qxc5 21. dxc5 Bxb2 22. Rb1 Bf6 23. Bf1 Bxf1 24. Kxf1 b4 25. Rd1 b3 26. e4 Rxd1 27. Qxd1 b2 28. Ke2 Rd8 29. Qb1 Bc3 30. Ng5 h6 31. Nh3 Nd4+ 32. Ke3 Nb3 {[%emt 0:01:32] Kd4} 0-1

[Event "10th Sharjah Cup Women 2020"]
[Site "Sharjah"]
[Date "2020.01.05"]
[Round "2.5"]
[White "Gong, Qianyun"]
[Black "Kyrkjebo, Marte B."]
[Result "1-0"]
[ECO "A05"]
[WhiteElo "2371"]
[BlackElo "1880"]
[Annotator "RC"]
[PlyCount "103"]
[EventDate "2020.01.04"]
[EventType "swiss"]
[EventCountry "UAE"]
[SourceTitle "playchess.com"]
[Source "ChessBase"]
[SourceQuality "1"]
[TimeControl "5400+30"]

1. Nf3 Nf6 2. d4 e6 3. Bf4 c5 4. e3 Be7 5. h3 b6 6. Nc3 O-O 7. d5 d6 8. Bh2 e5 9. e4 Nbd7 10. Be2 a6 11. a4 Rb8 12. Nd2 Ne8 13. O-O Nc7 14. Nc4 Bb7 15. f4 f6 16. Ne3 exf4 17. Bxf4 Ne5 18. Nf5 Bc8 19. Qe1 Bxf5 20. exf5 Qd7 21. Bg3 Rfe8 22. Bh5 Nf7 23. Bxf7+ Kxf7 24. Qe6+ Qxe6 25. dxe6+ Kf8 26. Ne4 Red8 27. a5 Ne8 28. axb6 Rxb6 29. b3 d5 30. Nc3 g6 31. Rad1 d4 32. Ne4 gxf5 33. Rxf5 Rxe6 34. Nxc5 Rc6 35. b4 Bxc5 36. bxc5 Rdc8 37. Be1 Kf7 38. Bb4 a5 39. Ba3 Nc7 40. Rb1 Ne6 41. Rb5 Ra8 42. Rd5 a4 43. Rb7+ Kg6 44. Rd6 Rac8 45. Rb6 Rxd6 46. cxd6 Rxc2 47. d7 d3 48. Rxe6 d2 49. d8=Q Rc1+ 50. Kh2 d1=Q 51. Qxf6+ Kh5 52. Re5# 1-0

[Event "10th Sharjah Cup Women 2020"]
[Site "Sharjah"]
[Date "2020.01.05"]
[Round "2.6"]
[White "Al Maamari, Wafia Darwish"]
[Black "Zimina, Olga"]
[Result "0-1"]
[ECO "C00"]
[WhiteElo "1866"]
[BlackElo "2367"]
[Annotator "ChessBase"]
[PlyCount "86"]
[EventDate "2020.01.04"]
[EventType "swiss"]
[EventCountry "UAE"]
[SourceTitle "playchess.com"]
[Source "ChessBase"]
[SourceQuality "1"]
[TimeControl "5400+30"]

1. e4 e6 2. d4 d5 3. Bd3 dxe4 4. Bxe4 Nf6 5. Bf3 c5 6. dxc5 Qxd1+ 7. Bxd1 Bxc5 8. Nc3 Nc6 9. Nf3 b6 10. a3 Bb7 11. b4 Be7 12. O-O O-O 13. Bb2 Rfd8 14. Be2 a5 15. b5 Nd4 16. Nxd4 Rxd4 17. Rad1 Rxd1 18. Rxd1 Rc8 19. Bd3 Bxa3 20. Bxa3 Rxc3 21. Bb2 Rc8 22. Bd4 Nd7 23. Be3 Rc7 24. Bf1 Kf8 25. c4 Ke7 26. f3 Nc5 27. Kf2 f6 28. Bd3 Nxd3+ 29. Rxd3 Rxc4 30. Bxb6 a4 31. Bd8+ Ke8 32. b6 a3 33. Bc7 Ra4 34. Rd1 a2 35. Ra1 Bd5 36. Bd6 Ra5 37. Bb4 Rb5 38. Bc3 Rxb6 39. Ke3 Kd7 40. Kd4 Rb1 41. h3 Kc6 42. Kd3 e5 43. Kc2 Bb3+ 0-1

[Event "10th Sharjah Cup Women 2020"]
[Site "Sharjah"]
[Date "2020.01.05"]
[Round "2.8"]
[White "Jalaluldeen, Kareen Kamal J."]
[Black "Radeva, Viktoria"]
[Result "1/2-1/2"]
[ECO "D30"]
[WhiteElo "1784"]
[BlackElo "2338"]
[Annotator "ChessBase"]
[PlyCount "69"]
[EventDate "2020.01.04"]
[EventType "swiss"]
[EventCountry "UAE"]
[SourceTitle "playchess.com"]
[Source "ChessBase"]
[SourceQuality "1"]
[TimeControl "5400+30"]

1. d4 d5 2. c4 e6 3. cxd5 exd5 4. Nc3 c6 5. Qc2 Bd6 6. Nf3 Bg4 7. Bg5 Ne7 8. e3 Qc7 9. Bd3 Ng6 10. Nh4 Nxh4 11. Bxh4 h6 12. Bg3 Bxg3 13. hxg3 Qd6 14. Rb1 Nd7 15. b4 O-O 16. O-O Rac8 17. Qb3 Nf6 18. b5 b6 19. bxc6 Rxc6 20. Rbc1 Rfc8 21. Bb5 R6c7 22. Ba6 Qd7 23. Bxc8 Qxc8 24. Qb2 Rc4 25. Nb5 Qd7 26. Na3 Ra4 27. Nb5 Rc4 28. Rxc4 dxc4 29. Rc1 Be6 30. Na3 Qa4 31. Nb5 Ne4 32. Nc3 Nxc3 33. Qxc3 Qxa2 34. e4 b5 35. d5 1/2-1/2

[Event "10th Sharjah Cup Women 2020"]
[Site "Sharjah"]
[Date "2020.01.05"]
[Round "2.9"]
[White "Al Kalbani, Wadima"]
[Black "Dordzhieva, Dinara"]
[Result "0-1"]
[ECO "B00"]
[WhiteElo "1667"]
[BlackElo "2326"]
[Annotator "ChessBase"]
[PlyCount "100"]
[EventDate "2020.01.04"]
[EventType "swiss"]
[EventCountry "UAE"]
[SourceTitle "playchess.com"]
[Source "ChessBase"]
[SourceQuality "1"]
[TimeControl "5400+30"]

1. e4 d6 2. d4 g6 3. Nf3 Bg7 4. h3 a6 5. Bf4 b5 6. c3 Bb7 7. Bd3 Nd7 8. a4 Ngf6 9. Nbd2 O-O 10. O-O e5 11. Bg5 c6 12. Re1 Qc7 13. dxe5 dxe5 14. b4 Nb6 15. a5 Na4 16. Ra3 Nb2 17. Qc2 Nxd3 18. Qxd3 c5 19. Be3 c4 20. Qc2 Nd7 21. Raa1 f5 22. exf5 gxf5 23. Rad1 Rae8 24. Bg5 e4 25. Nd4 Ne5 26. Bf4 Nf3+ 27. N2xf3 Qxf4 28. Nh2 Qg5 29. Qe2 h5 30. Qf1 f4 31. Kh1 Re7 32. Kg1 Kh8 33. Kh1 Be5 34. f3 e3 35. Ne2 Rg8 36. Nd4 Qf6 37. Re2 Reg7 38. Qe1 Bc8 39. Qf1 Bd7 40. Qe1 Be8 41. Nf1 Bg6 42. g3 fxg3 43. Kg2 Bxd4 44. Rxd4 Bf5 45. Rxe3 Bxh3+ 46. Kg1 Bf5 47. Kg2 h4 48. Qd1 h3+ 49. Kg1 h2+ 50. Kg2 Bh3+ 0-1

[Event "10th Sharjah Cup Women 2020"]
[Site "Sharjah"]
[Date "2020.01.05"]
[Round "2.11"]
[White "Al Ghafri, Wafia"]
[Black "Li, Xueyi"]
[Result "0-1"]
[ECO "A50"]
[WhiteElo "1609"]
[BlackElo "2307"]
[Annotator "ChessBase"]
[PlyCount "78"]
[EventDate "2020.01.04"]
[EventType "swiss"]
[EventCountry "UAE"]
[SourceTitle "playchess.com"]
[Source "ChessBase"]
[SourceQuality "1"]
[TimeControl "5400+30"]

1. d4 Nf6 2. c4 b6 3. Nc3 Bb7 4. e3 e6 5. Nf3 g6 6. Be2 Bg7 7. O-O O-O 8. Qc2 d5 9. cxd5 exd5 10. b3 c6 11. Ba3 Re8 12. h3 Nbd7 13. b4 b5 14. Bb2 Nb6 15. a4 a6 16. axb5 axb5 17. Rxa8 Qxa8 18. Ra1 Qb8 19. Ne5 Nfd7 20. Nxd7 Nxd7 21. Bf3 Nb6 22. Nb1 Nc4 23. Nd2 Bc8 24. Nxc4 bxc4 25. Bc3 Bd7 26. Qa4 Qd6 27. Qa7 h5 28. Qc5 Qxc5 29. bxc5 Rb8 30. Ra7 Bf5 31. Rc7 Rb3 32. Ba5 c3 33. Bxc3 Rxc3 34. Rxc6 Be4 35. Bxe4 dxe4 36. d5 Bf8 37. d6 Rc1+ 38. Kh2 Rxc5 39. Rb6 Rd5 0-1